[Event "*** SCC Grand Prix: Titled Tuesday Blitz"]
[Site "Chess.com"]
[Date "2020.08.11"]
[Round "8"]
[White "MestreSoares"]
[Black "Keures"]
[Result "0-1"]
[WhiteElo "2147"]
[BlackElo "2308"]
[TimeControl "180+1"]
[EndTime "11:35:20 PDT"]
[Termination "Keures won on time"]

1. Nf3 Nf6 2. b3 g6 3. Bb2 Bg7 4. e3 O-O 5. Be2 b6 6. d4 Bb7 7. c4 c5 8. O-O d6 9. Nc3 Nbd7 10. d5 Ne4 11. Qc2 Nxc3 12. Bxc3 Bxc3 13. Qxc3 e5 14. dxe6 fxe6 15. Rad1 Qe7 16. Qd2 d5 17. cxd5 exd5 18. Bb5 Ne5 19. Nxe5 Qxe5 20. Rfe1 Rad8 21. Bf1 Rd6 22. Qc2 Rdf6 23. Rd2 Rf5 24. Red1 Rh5 25. g3 d4 26. Bg2 dxe3 27. fxe3 Qxe3+ 28. Kh1 Bf3 29. Rd7 Bxd1 30. Qxd1 Re5 31. h4 Qe1+ 32. Qxe1 Rxe1+ 33. Kh2 Re5 34. Rxa7 Rf2 35. Kh3 Ree2 36. Bd5+ Kh8 37. Kg4 Rxa2 38. Rb7 Rad2 39. Bc4 Rf6 40. Kg5 Rfd6 41. Kh6 Rd7 42. Rxb6 R2d6 43. Rb8+ Rd8 44. Rb7 R6d7 45. Rb6 Re7 46. g4 Rde8 47. h5 gxh5 48.
gxh5 Rd8 49. Rc6 Re5 50. Rf6 Re7 0-1

[Event "*** SCC Grand Prix: Titled Tuesday Blitz"]
[Site "Chess.com"]
[Date "2020.08.11"]
[Round "8"]
[White "AldokhinIvan"]
[Black "Matveev_Vladimir"]
[Result "0-1"]
[WhiteElo "2535"]
[BlackElo "2654"]
[TimeControl "180+1"]
[EndTime "11:35:21 PDT"]
[Termination "Matveev_Vladimir won on time"]

1. e4 c5 2. Nf3 d6 3. d4 cxd4 4. Nxd4 Nf6 5. Nc3 a6 6. Bg5 e6 7.
Qd2 Be7 8. O-O-O Qc7 9. Be2 b5 10. a3 Bb7 11. Qe3 Nbd7 12. f4 Rc8 13. Bf3 h6 14. Bxf6 gxf6 15. Bh5 Nc5 16. Rhf1 e5 17. Nf5 Nxe4 18. Rd3 Rh7 19. Kb1 d5 20. fxe5 fxe5 21. Nxe7 Nxc3+ 22. Rxc3 Qxe7 23. Rxc8+ Bxc8 24. Qb6 Qe6 25.
Qc7 Rg7 26. g3 e4 27. h3 Bd7 28. Bg4 Qe7 29. Bxd7+ Qxd7 30. Qb8+ Qd8 31. Qe5+ Kf8 32. Rf6 Rg6 33. Rxg6 fxg6 34. Qh8+ Ke7 35. Qg7+ Kd6 36. Qxg6+ Kc5 37. Qxh6 Qe7 38. Qe3+ d4 39. Qe2 e3 40. h4 Qf6 41. c3 Qf5+ 42. Ka1 Qf2 43. cxd4+ Kxd4 44. Qg4+ Kd3 45. Qd7+ Kc2 46. Qc6+ Kd1 47. Qd5+ Qd2 48. Qf3+ e2 49. h5 Kc2 50. Ka2 e1=Q 51. Qb3+ Kc1 52. h6 Qxh6 0-1

[Event "*** SCC Grand Prix: Titled Tuesday Blitz"]
[Site "Chess.com"]
[Date "2020.08.11"]
[Round "8"]
[White "AliKa2810"]
[Black "crescentmoon2411"]
[Result "0-1"]
[WhiteElo "2600"]
[BlackElo "2748"]
[TimeControl "180+1"]
[EndTime "11:35:22 PDT"]
[Termination "crescentmoon2411 won on time"]

1. d4 Nf6 2. c4 g6 3. Nc3 Bg7 4. e4 d6 5. h3 O-O 6. Be3 c6 7. Nf3 e5 8. d5 c5 9. Be2 Nh5 10. g3 a6 11. Nd2 Nf6 12. h4 h5 13. Bg5 Qd7 14. Qa4 Qxa4 15. Nxa4 Nbd7 16. O-O Re8 17. a3 Rb8 18. b4 b6 19. Rab1 Nh7 20. Be3 Bf8 21. Kg2 Be7 22. Rb2 Bd8 23. Rfb1 Bc7 24.
f3 Ra8 25. bxc5 bxc5 26. Bd1 f5 27. Nc3 Ndf6 28. Ba4 Rf8 29. Bc6 Ra7 30. Nb3 fxe4 31. fxe4 Ng4 32. Bg1 Nhf6 33. Nxc5 Ba5 34. N5a4 Raf7 35.
Rf1 Bd7 36. Bxd7 Rxd7 37. Rbb1 Bxc3 38. Nxc3 Rc8 39. Rb4 a5 40. Ra4 Rdc7 41. Nb5 Rxc4 42. Rxc4 Rxc4 43. Nxd6 Rc2+ 44. Kf3 Rc3+ 45. Kg2 Rxa3 46.
Nc4 Ra2+ 47. Kf3 Rc2 48. Nxa5 Rc3+ 49. Kg2 Nxe4 50. Nc6 Rxg3+ 51. Kh1 Rc3 52. Ne7+ Kg7 53. Nc6 Ng3+ 54. Kg2 Nxf1 55. Kxf1 Ne3+ 56. Ke2 Nxd5 57. Nxe5 Nf4+ 58. Kd2 Rh3 59. Bd4 Kh7 0-1

[Event "*** SCC Grand Prix: Titled Tuesday Blitz"]
[Site "Chess.com"]
[Date "2020.08.11"]
[Round "8"]
[White "TokChess"]
[Black "Goryachkina"]
[Result "1/2-1/2"]
[WhiteElo "2403"]
[BlackElo "2559"]
[TimeControl "180+1"]
[EndTime "11:35:22 PDT"]
[Termination "Game drawn by repetition"]

1. Nf3 d5 2. g3 Nc6 3. Bg2 e5 4. O-O Nf6 5. d3 Be7 6. c4 O-O 7. cxd5 Nxd5 8. Nc3 Nb6 9. Bd2 Be6 10. Rc1 f6 11. Qc2 Nb4 12. Qb1 c6 13. a3 N4d5 14. Ne4 Nd7 15. d4 exd4 16. Nxd4 Bf7 17. Rfd1 Kh8 18.
Nf5 Bg6 19. Nh4 Qe8 20. Nxg6+ Qxg6 21. Nc3 Qxb1 22. Rxb1 Nxc3 23. Bxc3 Nb6 24. Rd3 Rfd8 25. Rbd1 Kg8 26. h4 Kf7 27. h5 Rxd3 28. Rxd3 Rd8 29. Rxd8 Bxd8 30. Be4 g6 31. hxg6+ hxg6 32. f4 Na4 33.
Bd4 Bb6 34. Bxb6 axb6 35. b3 Nc5 36. Bc2 b5 37. Kf2 g5 38. Ke3 Ke6 39. Kd4 Nd7 40. b4 gxf4 41. gxf4 Kd6 42. e4 b6 43. Bd3 Ke6 44.
Bf1 Kd6 45. Bh3 c5+ 46. Kc3 Nb8 47. Bf1 Kc6 48. Be2 Nd7 49. Bh5 Nf8 50. Be8+ Kd6 51.
Bxb5 Ne6 52. f5 Nd4 53. Bc4 Nf3 54. Bd5 Ne5 55. a4 cxb4+ 56. Kxb4 Kc7 57. Kb5 Nd3 58. Kc4 Ne5+ 59. Kb5 Nd3 60. Kc4 Ne5+ 61. Kd4 Kd6 62. Bb7 Nf3+ 63. Ke3 Ne5 64. Kd4 Nf3+ 65. Kc4 Ne5+ 66.
Kb5 Kc7 67. Bd5 1/2-1/2

[Event "*** SCC Grand Prix: Titled Tuesday Blitz"]
[Site "Chess.com"]
[Date "2020.08.11"]
[Round "8"]
[White "esrosenberg"]
[Black "GracefulYear"]
[Result "1/2-1/2"]
[WhiteElo "2189"]
[BlackElo "2365"]
[TimeControl "180+1"]
[EndTime "11:35:23 PDT"]
[Termination "Game drawn - insufficient material"]

1. Nf3 b6 2. e4 Bb7 3. Nc3 d5 4. exd5 Bxd5 5. Nxd5 Qxd5 6. b3 Nf6 7. Bb2 e6 8. Bc4 Qb7 9. O-O Be7 10. Re1 O-O 11. Qe2 Nbd7 12. a3 a6 13. b4 b5 14. Bb3 c5 15. Bxe6 Rae8 16. Bxd7 Qxd7 17. Ne5 Qf5 18. d3 cxb4 19. axb4 Bxb4 20. c3 Bd6 21. d4 Ng4 22.
Qxg4 Qc2 23. Ba3 Bxa3 24. Rxa3 f6 25. Rxa6 fxe5 26. Rf1 Qxc3 27. dxe5 Qxe5 28. h4 b4 29. Rb6 Rf4 30. Qg3 Ref8 31. Rb7 Qf6 32. h5 Rf5 33. h6 Qxh6 34. Rxb4 Rg5 35. Qb3+ Kh8 36. Rb8 Qf6 37. Rxf8+ Qxf8 38. f4 Rf5 39. g3 h6 40. Kg2 Rc5 41. Rf2 Qa8+ 42. Qf3 Qa4 43. Re2 Qd7 44. Qe3 Qc6+ 45.
Qe4 Rd5 46. Qe8+ Qxe8 47. Rxe8+ Kh7 48. Re2 Kg6 49. Kf3 h5 50. Re6+ Kf5 51. Re3 Ra5 52. Rd3 g5 53. fxg5 Kxg5 54. Re3 Rf5+ 55. Kg2 Ra5 56.
Kf3 Ra2 57. Re5+ Kg6 58. Rb5 Ra4 59. Rb6+ Kh7 60. Rb5 Ra3+ 61. Kg2 Kg6 62. Kh3 Ra6 63. Kh4 Ra4+ 64. Kh3 Rg4 65. Rb6+ Kg5 66. Rb5+ Kh6 67. Rb6+ Rg6 68. Rxg6+ Kxg6 69. Kh4 Kh6 70. g4 hxg4 71. Kxg4 1/2-1/2

[Event "*** SCC Grand Prix: Titled Tuesday Blitz"]
[Site "Chess.com"]
[Date "2020.08.11"]
[Round "8"]
[White "VerdeNotte"]
[Black "Alexander_Donchenko"]
[Result "1-0"]
[WhiteElo "2888"]
[BlackElo "2692"]
[TimeControl "180+1"]
[EndTime "11:35:24 PDT"]
[Termination "VerdeNotte won by resignation"]

1. g3 c5 2. Bg2 Nc6 3. e4 g6 4. c3 Bg7 5. Ne2 e5 6. d3 Nge7 7. Be3 d6 8. a4 O-O 9. Na3 Be6 10. O-O b6 11. d4 exd4 12. cxd4 Bg4 13. f3 Bd7 14. Qd2 cxd4 15. Nxd4 d5 16. Nxc6 Bxc6 17. Bg5 Re8 18. Nb5 dxe4 19. Nd6 e3 20.
Bxe3 Rf8 21. Rac1 Qd7 22. Bg5 Nd5 23. Ne4 f6 24. Bh6 Bxh6 25. Qxh6 Bxa4 26. Rf2 Rac8 27. Ra1 Bc6 28. Rd2 a5 29. Rad1 Qe6 30. Bh3 f5 31.
Qxh7+ Kxh7 32. Ng5+ Kh6 33. Nxe6 Rfe8 34. Nd4 Ba8 35.
Bxf5 Rc4 36. Be4 Ne3 37. Re1 Rxd4 38. Rxd4 Nc2 39. Rdd1 Nxe1 40. Rxe1 Bxe4 41. fxe4 Rc8 42. Re2 Kg7 43. e5 Kf7 44. e6+ Ke7 45. h4 Rc6 46.
Kf2 Rxe6 47. Rxe6+ Kxe6 48. g4 Ke5 49. Ke3 b5 50.
Kd3 Kf4 51. h5 gxh5 52. gxh5 Kg5 53. Kd4 b4 54. Kc4 Kxh5 55. Kb5 Kg5 56. Kxa5 b3 57. Kb4 Kf5 58. Kxb3 Ke5 59. Kc4 Kd6 60. Kb5 Kc7 61. Ka6 Kc6 62. b4 Kc7 63. b5 Kc8 64. Ka7 Kc7 65. b6+ 1-0

[Event "*** SCC Grand Prix: Titled Tuesday Blitz"]
[Site "Chess.com"]
[Date "2020.08.11"]
[Round "8"]
[White "Chesswizard_2007"]
[Black "Kislov_Oleg"]
[Result "1/2-1/2"]
[WhiteElo "2499"]
[BlackElo "2388"]
[TimeControl "180+1"]
[EndTime "11:35:24 PDT"]
[Termination "Game drawn - insufficient material"]

1. Nf3 d5 2. c4 e6 3. g3 Nf6 4. Bg2 Be7 5. O-O O-O 6. b3 c5 7. cxd5 exd5 8. d4 Nc6 9. Bb2 Bg4 10. dxc5 Bxc5 11. Nc3 a6 12. Rc1 d4 13. Na4 Ba7 14. Nc5 Qe7 15. Nxb7 Rac8 16. h3 Bxf3 17. Bxf3 Qxb7 18.
Qc2 Nb4 19. Bxb7 Rxc2 20. Ba3 Rxc1 21. Rxc1 a5 22. Rc4 Rb8 23. Bxb4 axb4 24. Rxb4 Ne8 25. a3 Nd6 26. Bd5 Rxb4 27. axb4 Kf8 28. Kg2 Ke7 29. Kf3 f6 30. h4 Nb5 31. Be4 h6 32. Kg4 Nd6 33.
Bd3 Kf7 34. Kh5 Bb6 35. g4 Bc7 36. g5 hxg5 37. hxg5 f5 38. Bc4+ Nxc4 39. bxc4 Bd6 40. c5 g6+ 41. Kh6 Bf8+ 42. Kh7 f4 43. f3 Be7 44. c6 Bd8 45. b5 Bb6 46. Kh6 Bc7 47.
Kh7 Bb6 48. Kh8 Ke6 49. Kg7 Kf5 50. Kf7 Kxg5 51. Ke6 Kh4 52. Kd7 g5 53. c7 Bxc7 54. Kxc7 d3 55. exd3 g4 56. fxg4 f3 57. b6 f2 58. b7 f1=Q 59. b8=Q Qxd3 60. Qg8 Qc3+ 61. Kd7 Qd4+ 62. Kc6 Qxg4 63. Qh8+ Kg3 64. Qc3+ Qf3+ 65. Qxf3+ Kxf3 1/2-1/2

[Event "*** SCC Grand Prix: Titled Tuesday Blitz"]
[Site "Chess.com"]
[Date "2020.08.11"]
[Round "8"]
[White "TimofeevAr"]
[Black "ftorodent"]
[Result "1/2-1/2"]
[WhiteElo "2839"]
[BlackElo "2664"]
[TimeControl "180+1"]
[EndTime "11:35:29 PDT"]
[Termination "Game drawn by repetition"]

1. e4 e6 2. d4 d5 3. Nd2 c5 4. Ngf3 Nc6 5. exd5 exd5 6. Bb5 Bd6 7. O-O Ne7 8. dxc5 Bxc5 9. Nb3 Bd6 10. Re1 O-O 11.
Bd3 h6 12. h3 Bf5 13. Be3 Rc8 14. c3 Re8 15. a4 Be4 16. Nbd4 Bb8 17. Bf1 Nxd4 18. Nxd4 Nc6 19. Qg4 Ne5 20. Qd1 Nc4 21. Bxc4 dxc4 22. Qg4 Bg6 23. Bf4 Qb6 24. Bxb8 Rxb8 25.
Rxe8+ Rxe8 26. Qd7 Re5 27. Qc8+ Kh7 28. Qxc4 Qxb2 29.
Rf1 Qa3 30. Nb5 Qc5 31. Qb3 a6 32. Nd4 Re7 33. Rc1 Qe5 34. Qb4 Rc7 35. a5 Qf4 36. Rd1 Qg5 37. Qb6 Qc5 38. Nb3 Qxb6 39. axb6 Rc6 40.
Na5 Rxb6 41. Rd7 Rb1+ 42. Kh2 b6 43. Nc6 a5 44. Ne5 a4 45. Ra7 b5 46. c4 bxc4 47. Nxc4 Rb4 48. Ne5 Re4 49. Nxf7 Bxf7 50. Rxf7 Re2 51.
f4 a3 52. Ra7 a2 53. Kg3 Kg6 54. Kf3 Rb2 55. g4 Rb3+ 56. Ke4 Rxh3 57. Rxa2 Rg3 58. Ra6+ Kh7 59. Kf5 Rc3 60. Ra7 Rc5+ 61. Ke4 Kg6 62. f5+ Kf6 63. Ra6+ Kf7 64. Ra7+ Kf6 65. Ra6+ Kf7 66.
Ra7+ Kf6 1/2-1/2

[Event "*** SCC Grand Prix: Titled Tuesday Blitz"]
[Site "Chess.com"]
[Date "2020.08.11"]
[Round "8"]
[White "Virgo15"]
[Black "kakarot_001"]
[Result "0-1"]
[WhiteElo "2696"]
[BlackElo "2831"]
[TimeControl "180+1"]
[EndTime "11:35:30 PDT"]
[Termination "kakarot_001 won on time"]

1. d4 Nf6 2. c4 e6 3. Nc3 Bb4 4.
Qc2 O-O 5. e4 d6 6. Bd3 e5 7. a3 Bxc3+ 8. bxc3 Re8 9. Ne2 c5 10.
O-O b6 11. d5 Nbd7 12. h3 Nf8 13. f4 exf4 14. Nxf4 N6d7 15. Be3 Ne5 16. Rf2 Qh4 17. Raf1 Ba6 18. Qa4 Nxd3 19. Nxd3 Qxe4 20. Qxa6 Qxe3 21. Qb7 f6 22. Nf4 Qe7 23. Qa6 Qe3 24. Qb7 Qe7 25. Qa6 Qd7 26. Nh5 Kh8 27. Nf4 Re3 28. Rf3 Rae8 29. Kh2 R3e4 30. R1f2 Re1 31. Rf1 R1e5 32. R1f2 R8e7 33. Rf1 Qe8 34. R1f2 Re3 35. Rf1 Rxf3 36. Rxf3 Qd7 37. a4 Kg8 38. a5 bxa5 39. Qxa5 Qc7 40. Qa6 Qb6 41. Qc8 Qb7 42. Qd8 Qc7 43. Qa8 Qd7 44.
Qb8 Re8 45. Qb1 a5 46. Rg3 a4 47. Qc1 Ra8 48. Nh5 Ng6 49. Qa3 Qf5 50. Qb2 Qxh5 51. Qb7 Rf8 52. Qd7 Qe5 53. Qxa4 Nf4 54. Rf3 Ne2+ 55.
Kh1 Ng3+ 0-1

[Event "*** SCC Grand Prix: Titled Tuesday Blitz"]
[Site "Chess.com"]
[Date "2020.08.11"]
[Round "8"]
[White "Murad_Ibrahimli"]
[Black "ehrenfeld"]
[Result "1-0"]
[WhiteElo "2706"]
[BlackElo "2561"]
[TimeControl "180+1"]
[EndTime "11:35:33 PDT"]
[Termination "Murad_Ibrahimli won on time"]

1. Nf3 f5 2. d3 d6 3. Nc3 e5 4. e4 Nc6 5. Be2 Nf6 6. O-O Be7 7. exf5 Bxf5 8. d4 O-O 9. dxe5 dxe5 10. Bc4+ Kh8 11.
Bb3 h6 12. Be3 Qxd1 13. Raxd1 Rad8 14. h3 a6 15. Ne2 Be4 16. Nd2 Bg6 17. Nf3 Be4 18. Nd2 Bg6 19. Ng3 Nd4 20. c3 Nxb3 21.
Nxb3 b6 22. Rfe1 a5 23. Nd2 Rd3 24. Nc4 Nd7 25. Nd2 Nc5 26. Nf3 Rxd1 27. Rxd1 Nd3 28. Rd2 Bf6 29. Nh2 a4 30. Ng4 Kh7 31. a3 h5 32.
Nxf6+ gxf6 33. Ne2 b5 34. f4 Re8 35. fxe5 fxe5 36. Ng3 c5 37. Nh1 c4 38. Nf2 Rd8 39. Bg5 Rf8 40. Be3 Rd8 41. h4 Re8 42. Nh3 Kg7 43. Ng5 Bf5 44. Nf3 Kg6 45. Ng5 Bg4 46. Kh2 Rd8 47. Kg3 Re8 48. Ne4 Bf5 49. Nd6 Rb8 50.
Ba7 Ra8 51. Be3 Bd7 52. Ne4 Rf8 53. Ng5 Bc8 54. Nf3 e4 55. Nh2 Bg4 56. Nxg4 hxg4 57. Kxg4 Rf1 58. h5+ Kh7 59. g3 Rb1 60. Kf5 Rxb2 61.
Rxb2 Nxb2 62. g4 b4 63. g5 1-0

[Event "*** SCC Grand Prix: Titled Tuesday Blitz"]
[Site "Chess.com"]
[Date "2020.08.11"]
[Round "8"]
[White "Kobalia"]
[Black "CaspiIsrael"]
[Result "0-1"]
[WhiteElo "2777"]
[BlackElo "2654"]
[TimeControl "180+1"]
[EndTime "11:35:34 PDT"]
[Termination "CaspiIsrael won on time"]

1. e4 d5 2. exd5 Qxd5 3. Nc3 Qd6 4. d4 Nf6 5. Nf3 a6 6. g3 Bg4 7. Bg2 Nc6 8. d5 Ne5 9. Bf4 Nxf3+ 10. Bxf3 e5 11. dxe6 Qxe6+ 12. Be3 Bxf3 13. Qxf3 O-O-O 14. O-O h6 15. Rfe1 Qh3 16. Qg2 Qxg2+ 17. Kxg2 Bb4 18.
Rad1 Bxc3 19. bxc3 Nd5 20. Bd4 f6 21. a3 b5 22. h4 h5 23. Re6 Kb7 24. Rde1 Rd7 25. Kf3 Rc8 26. Rb1 c5 27. Be3 Nxc3 28. Re1 Rc6 29. Re8 Nd5 30. g4 hxg4+ 31. Kxg4 g6 32. Bc1 f5+ 33. Kg5 Rh7 34. R1e6 Rh5+ 35. Kxg6 Rxh4 36.
Rxc6 Kxc6 37. Re6+ Kb7 38. Kxf5 Rc4 39. Re2 Nc3 40.
Re7+ Kc6 41. Re6+ Kb7 42. f4 Na2 43. Be3 Rxc2 44. Kg6 c4 45. f5 Rg2+ 46. Kh7 Rg3 47. Bf4 Rf3 48. Re4 Nc3 49. Re7+ Kc6 50. Be5 Nd5 51.
Re6+ Kd7 52. Rd6+ Ke7 53. Rxd5 Rxf5 54. Rc5 Ke6 55. Bd4 Rxc5 56. Bxc5 c3 57. Bb4 c2 58.
Bd2 Kd5 59. Kg6 Kc4 60. Kf5 Kb3 61. Ke4 Kxa3 62. Kd4 Kb2 63. Kc5 c1=Q+ 0-1

[Event "*** SCC Grand Prix: Titled Tuesday Blitz"]
[Site "Chess.com"]
[Date "2020.08.11"]
[Round "8"]
[White "Brave_spirit12"]
[Black "eCztery"]
[Result "1-0"]
[WhiteElo "2531"]
[BlackElo "2430"]
[TimeControl "180+1"]
[EndTime "11:35:35 PDT"]
[Termination "Brave_spirit12 won by checkmate"]

1. e4 c5 2. c3 g6 3. d4 cxd4 4.
Qxd4 Nf6 5. e5 Nc6 6. Qe3 Nd5 7. Qe4 Nc7 8. Nf3 Bg7 9. Bf4 O-O 10. Bd3 d5 11. exd6 exd6 12. O-O Bf5 13. Qe2 Re8 14. Qd2 Bg4 15. Be2 Ne5 16. Nxe5 dxe5 17. Bxg4 exf4 18.
Qxf4 Nd5 19. Qf3 Qg5 20. Na3 h5 21. Bh3 Nf4 22. Rad1 Re2 23. Nc4 Rae8 24. Bd7 R8e7 25. b3 a6 26. h4 Qf6 27. Rd6 Qxh4 28.
g3 Nh3+ 29. Kg2 Qg5 30. Bxh3 b5 31. Nb6 Be5 32. Rd8+ Kh7 33. Qxe2 Bxg3 34. Qxe7 Qxe7 35. Rd7 Qf6 36. fxg3 Qxb6 37. Rdxf7+ Kh6 38. R7f6 Qb7+ 39. R1f3 Qe7 40. Rxa6 Qe2+ 41. Rf2 Qe4+ 42. Kh2 Qe3 43. Rff6 h4 44. Rxg6+ Kh7 45. gxh4 Qf2+ 46. Rg2 Qf4+ 47.
Kh1 Qf1+ 48. Kh2 Qf4+ 49. Rg3 Qf2+ 50. Bg2 Qf4 51. c4 bxc4 52. bxc4 Qe5 53. h5 Qxh5+ 54. Rh3 Kg7 55. Rxh5 Kf7 56. Rb5 Ke7 57. Rb7+ Kd8 58. Ra8# 1-0

[Event "*** SCC Grand Prix: Titled Tuesday Blitz"]
[Site "Chess.com"]
[Date "2020.08.11"]
[Round "8"]
[White "IMHansNiemann"]
[Black "1977Ivan"]
[Result "1-0"]
[WhiteElo "2913"]
[BlackElo "2675"]
[TimeControl "180+1"]
[EndTime "11:35:36 PDT"]
[Termination "IMHansNiemann won by resignation"]

1. d4 Nf6 2. Nc3 d5 3. Bf4 g6 4. e3 Bg7 5. h4 h5 6. Nf3 O-O 7. Ne5 c5 8. dxc5 Nc6 9. Bb5 Bd7 10. Bxc6 Bxc6 11. O-O Nd7 12. Nxd7 Qxd7 13. Qd2 e5 14. Bg3 d4 15. exd4 exd4 16. Ne2 Rfe8 17. Nf4 Re4 18. f3 Re3 19. Bf2 Qf5 20. Bxe3 dxe3 21. Qxe3 Re8 22. Qd2 Bxb2 23. Rae1 Rxe1 24. Rxe1 Qxc5+ 25. Kh1 Bf6 26. Nd3 Qd4 27. Qf4 Qxf4 28. Nxf4 Bxh4 29.
Rd1 Kf8 30. Nd5 Bg3 31. c4 Bd6 32. Kg1 Bc5+ 33. Kh2 f5 34. Nf4 Kf7 35. Nd3 Bd6+ 36. Kg1 Kf6 37. Kf2 h4 38. c5 Bg3+ 39. Ke3 g5 40.
Nb4 Ba4 41. Rd8 g4 42. Rf8+ Ke6 43. fxg4 fxg4 44. Rg8 Bd1 45. c6 bxc6 46. Nxc6 Bh2 47. Nd4+ Kf7 48. Rh8 Bg1+ 49. Ke4 h3 50. gxh3 g3 51.
Nf3 Bf2 52. Nh4 Ba4 53. Rc8 Bd7 54. Rc7 Ke6 55. Kf3 Kd6 56. Rxd7+ Kxd7 57. Nf5 Be1 58.
Nxg3 Ke6 59. h4 Kd5 60. h5 Bd2 61. Ne4 Bh6 62. Nf6+ Kc4 63. Ng8 Bc1 64. Kg4 Kc3 65. Ne7 Kb2 66. Nd5 Kxa2 67. Nf4 Kb3 68. h6 Bb2 69. h7 a5 70. Kf5 Kc4 71. Nh5 a4 72. Nf6 Bxf6 73. Kxf6 a3 74. h8=Q a2 75. Ke7 Kb3 76.
Qa1 1-0

[Event "*** SCC Grand Prix: Titled Tuesday Blitz"]
[Site "Chess.com"]
[Date "2020.08.11"]
[Round "8"]
[White "onnoelgersma"]
[Black "hongnhung1234"]
[Result "1-0"]
[WhiteElo "2424"]
[BlackElo "2263"]
[TimeControl "180+1"]
[EndTime "11:35:36 PDT"]
[Termination "onnoelgersma won by checkmate"]

1. e4 c5 2. Nf3 e6 3. b3 Nc6 4.
Bb2 d5 5. exd5 exd5 6. Bb5 Nf6 7. O-O Be7 8. Bxc6+ bxc6 9. Re1 O-O 10. Ne5 Qc7 11. d3 Bd6 12. Nd2 Re8 13. Ndf3 Bg4 14. Nxg4 Nxg4 15. h3 Bh2+ 16. Kf1 Nxf2 17. Kxf2 Bg3+ 18.
Kg1 Bxe1 19. Nxe1 Qg3 20. Nf3 d4 21. Qf1 Re6 22. Qf2 Qf4 23. Bc1 Qd6 24. Bd2 Rae8 25. Re1 Rxe1+ 26. Bxe1 h6 27. Kf1 Re6 28. Bd2 Qe7 29. a4 Rf6 30. Qg3 Qe8 31. Qc7 Re6 32. Qxa7 Rf6 33. Qxc5 Qe6 34. Qxd4 Qf5 35. Qe4 Qc5 36.
Qc4 Qa3 37. a5 Qa1+ 38. Kf2 Qa2 39. a6 c5 40. Qxc5 Qxa6 41. Bc3 Rc6 42. Qd4 Rg6 43. Qd8+ Kh7 44. Qd4 Qb5 45. Qc4 Qb6+ 46. Bd4 Qe6 47. Be3 Qd7 48. Qe4 f5 49. Qc4 Re6 50. b4 Qe7 51. Bd4 Re2+ 52. Kf1 Re6 53. b5 Qd7 54. b6 Re7 55. Bf2 Qb7 56. Qf4 Rf7 57. h4 g6 58. h5 g5 59. Qd6 Rd7 60. Qg6+ Kh8 61. Qxh6+ Rh7 62. Qf6+ Rg7 63. Nxg5 Kg8 64. Qe6+ Kh8 65. Nf3 Kh7 66. Bd4 Re7 67. Qg6# 1-0

[Event "*** SCC Grand Prix: Titled Tuesday Blitz"]
[Site "Chess.com"]
[Date "2020.08.11"]
[Round "8"]
[White "alfiefischer77"]
[Black "Karina_Ivanova"]
[Result "1/2-1/2"]
[WhiteElo "2270"]
[BlackElo "2214"]
[TimeControl "180+1"]
[EndTime "11:35:37 PDT"]
[Termination "Game drawn - insufficient material"]

1. e4 c6 2. d4 d5 3. exd5 cxd5 4. c4 Nf6 5. Nc3 e6 6. Nf3 Bb4 7. cxd5 Nxd5 8. Bd2 Nc6 9. Bd3 O-O 10. O-O Be7 11.
a3 Bf6 12. Qc2 g6 13. Bh6 Re8 14. Rad1 Bd7 15. Be4 Nce7 16. Rfe1 Rc8 17. Qb3 Bc6 18.
Ne5 Nxc3 19. Nxc6 Nxc6 20. bxc3 Qc7 21. Rc1 Na5 22. Qb5 a6 23. Qb4 b5 24. g3 Nc4 25.
Bf4 Qe7 26. Qxe7 Bxe7 27. a4 bxa4 28. Bb7 Rcd8 29. Bxa6 Nb2 30. Rc2 a3 31. Bc1 Ra8 32. Bb5 Reb8 33. c4 Nd3 34. Rd1 Nxc1 35. Rdxc1 Bf6 36.
Rd1 a2 37. Ra1 Bxd4 38. Raxa2 Rxa2 39. Rxa2 Rd8 40. Rd2 e5 41. Kg2 Bb6 42. Rxd8+ Bxd8 43. Kf3 f5 44. Ke3 Bb6+ 45. Ke2 Kf7 46. Kf3 e4+ 47.
Ke2 Ke6 48. f3 Ke5 49. Bc6 Kd4 50. fxe4 fxe4 51. Bd5 g5 52. Bg8 h5 53. Bf7 h4 54. gxh4 gxh4 55. h3 Bc7 56. Be6 Bf4 57.
Bf7 Ke5 58. Bg8 Bc1 59. Bd5 Ba3 60. Bg8 Bc5 61. Bd5 Kf4 62. Be6 Bd4 63. Bd7 Kg3 64. Be6 Kg2 65. Bf5 Kg3 66. Bxe4 Kxh3 67. Bd5 Kg4 68. Kd3 Bc5 69. Kc3 h3 70. Be6+ Kg3 71. Bxh3 Kxh3 72. Kd3 Kg4 73. Ke4 Kg5 74. Kd5 Be3 75.
Ke4 Bg1 76. Kd5 Kf6 77. c5 Ke7 78. c6 Kd8 79. c7+ Kc8 80. Ke4 Kd7 81. Kf3 Bb6 82. Ke4 Bxc7 1/2-1/2

[Event "*** SCC Grand Prix: Titled Tuesday Blitz"]
[Site "Chess.com"]
[Date "2020.08.11"]
[Round "8"]
[White "Margarita2907"]
[Black "WiktoriaPOL"]
[Result "1/2-1/2"]
[WhiteElo "2101"]
[BlackElo "1880"]
[TimeControl "180+1"]
[EndTime "11:35:37 PDT"]
[Termination "Game drawn - insufficient material"]

1. e4 c5 2. Nf3 g6 3. d4 cxd4 4. Nxd4 Nc6 5. Nc3 Nf6 6. Be3 Bg7 7. Bc4 Qa5 8. O-O O-O 9. Bb3 d6 10. h3 Bd7 11. Re1 Rac8 12. Nd5 Rfe8 13. Nxc6 bxc6 14. Nxf6+ Bxf6 15. c3 Red8 16. Qd2 Be8 17. Rad1 e6 18. Qe2 d5 19. exd5 cxd5 20. Bd4 Bg7 21. Bxg7 Kxg7 22.
Qe5+ Kg8 23. Rd4 Qc7 24. Qf6 Bc6 25. Rh4 Re8 26. Re5 Qe7 27. Qf4 f6 28. Re3 e5 29.
Qh6 Qg7 30. Qxg7+ Kxg7 31. Rb4 Rb8 32. Rxb8 Rxb8 33. Rd3 Rd8 34. Kf1 Bb5 35. c4 Ba6 36. Rd1 Rc8 37. Rxd5 Bxc4+ 38. Bxc4 Rxc4 39. Rd7+ Kh6 40.
Rxa7 Rc1+ 41. Ke2 Rc2+ 42. Ke3 Rxb2 43. a4 Rb3+ 44. Ke2 Ra3 45. a5 f5 46. g3 e4 47. h4 Ra2+ 48. Ke3 Ra3+ 49. Kd4 Ra2 50. a6 Rxf2 51. Re7 Ra2 52. a7 Ra6 53. Kc5 Ra5+ 54.
Kb6 Ra3 55. Kb7 g5 56. a8=Q Rxa8 57. Kxa8 f4 58. hxg5+ Kxg5 59. gxf4+ Kxf4 60. Rxh7 e3 61. Re7 Kf3 62. Kb7 e2 63. Kc6 Kf2 64. Kd5 e1=Q 65. Rxe1 Kxe1 1/2-1/2

[Event "*** SCC Grand Prix: Titled Tuesday Blitz"]
[Site "Chess.com"]
[Date "2020.08.11"]
[Round "8"]
[White "Sanan_Sjugirov"]
[Black "johnathan113"]
[Result "1-0"]
[WhiteElo "2850"]
[BlackElo "2712"]
[TimeControl "180+1"]
[EndTime "11:35:40 PDT"]
[Termination "Sanan_Sjugirov won on time"]

1. e4 c5 2. Nf3 g6 3. d4 cxd4 4. Nxd4 Nc6 5. c4 Bg7 6. Be3 Qb6 7. Nb3 Qd8 8. Nc3 d6 9. Nd4 Nf6 10. Be2 O-O 11. O-O Bd7 12. Nc2 Rc8 13. f3 a6 14. Qd2 Be6 15. b3 Nd7 16. Rac1 Qa5 17. Nd4 Nxd4 18. Bxd4 Bxd4+ 19. Qxd4 Qc5 20. Rfd1 a5 21.
Qxc5 Nxc5 22. Kf2 f5 23. exf5 Rxf5 24. Nb5 Bd7 25. Nd4 Rf6 26. Nc2 Ne4+ 27. Ke1 Nc3 28. Rd2 b5 29. Ne3 Nxe2 30. Rxe2 Re6 31. Nd5 Rxe2+ 32.
Kxe2 Re8 33. c5 Bc6 34. Ne3 d5 35. Ng4 Rc8 36. Ne5 Be8 37. Ke3 e6 38. Kd4 Kf8 39. h4 Ke7 40. f4 b4 41. g4 Ra8 42.
Re1 Bb5 43. Nf3 Rf8 44. Ke3 Rc8 45. Rc1 Be8 46. Ne5 Ra8 47. Nd3 Kd7 48. Kd4 Ke7 49. Re1 Kf6 50. Ne5 a4 51. Nd3 axb3 52. axb3 Ra3 53.
Rb1 Ra2 54. Nxb4 Rg2 55. c6 Rxg4 56. c7 Rxf4+ 57. Kc5 Bd7 58. Nc6 Rf2 59. Kd6 Bc8 60. Ra1 d4 61. Ra8 Bb7 62. Rf8+ Kg7 63. Rxf2 1-0

[Event "*** SCC Grand Prix: Titled Tuesday Blitz"]
[Site "Chess.com"]
[Date "2020.08.11"]
[Round "8"]
[White "suyu28"]
[Black "Mikasinski"]
[Result "1-0"]
[WhiteElo "2581"]
[BlackElo "2448"]
[TimeControl "180+1"]
[EndTime "11:35:42 PDT"]
[Termination "suyu28 won by resignation"]

1. d4 Nf6 2. c4 g6 3. Nc3 Bg7 4. g3 d6 5. Bg2 O-O 6. Nf3 Nc6 7.
O-O a6 8. e4 Bg4 9. Be3 Nd7 10.
h3 Bxf3 11. Bxf3 e5 12. d5 Nd4 13. Bg2 c5 14. f4 f5 15. fxe5 Nxe5 16. b3 Qa5 17. Rc1 fxe4 18. Nxe4 Rxf1+ 19. Qxf1 Rf8 20. Qd1 Qd8 21. Ng5 Bh6 22. h4 Ndf3+ 23. Bxf3 Nxf3+ 24. Kg2 Nxg5 25. hxg5 Bxg5 26. Qd2 Bxe3 27. Qxe3 Qf6 28. Re1 Kg7 29. a4 h5 30. Qe7+ Rf7 31. Qxf6+ Rxf6 32. Re7+ Rf7 33. Re6 Rd7 34. Kf3 Rf7+ 35. Ke3 Rd7 36. a5 Kh6 37. Kf4 Rf7+ 38. Ke4 Rd7 39. Kf3 Kg5 40. Ke4 Kh6 41. Ke3 Kg5 42. Kf2 Kf5 43.
Kf3 g5 44. Rh6 g4+ 45. Ke3 Kg5 46. Re6 h4 47. gxh4+ Kxh4 48. Kf2 Rf7+ 49. Kg2 Rd7 50. Re8 Kg5 51. Kg3 Rg7 52. Re6 Kf5 53. Rxd6 Re7 54. Rb6 Re3+ 55. Kg2 Rd3 56. Rxb7 Kf4 57. Rf7+ Kg5 58.
Rc7 Rxb3 59. Rxc5 Kf4 60. d6 Rb2+ 61. Kf1 g3 62. d7 Rb1+ 63. Ke2 Rb2+ 64. Kd3 Rb1 65. Kc2 Rb8 66. Rc8 Rb7 67. d8=Q 1-0